Map: [ESL] Hard Lead

Players

Cyan - Winner!

  • Race: Protoss Protoss
  • Spawn Location: 5:00

ShoWTimE

  • Race: Protoss Protoss
  • League: Diamond
  • Spawn Location: 11:00

Event: IEM Katowice 2024

VOD

Have the link to the VOD?

Description

Time

  • Played on: Feb. 9, 2024, 10:24 a.m.
  • Length: 8:39

All games in this series

Show
View Real Time Build Order
Export as new Build Order

Cyan Protoss - Winner!

Build Orders: Blink Stalkers 

Get SALT Encoding   

  12  0:00  Probe  
  13  0:12  Probe  
  14  0:17  Pylon  
  14  0:24  Probe (Chrono Boost)  
  15  0:36  Probe (Chrono Boost)  
  15  0:38  Gateway  
  16  0:44  Probe (Chrono Boost)  
  16  0:46  Assimilator  
  17  0:51  Probe  
  17  0:54  Assimilator  
  18  1:03  Probe (Chrono Boost)  
  19  1:08  Gateway  
  19  1:13  Probe (Chrono Boost)  
  19  1:18  Probe (Chrono Boost)  
  21  1:26  Cybernetics Core  
  21  1:29  Probe  
  22  1:34  Pylon  
  22  1:41  Probe  
  23  1:53  Probe  
  24  2:02  Warp Gate, Stalker  
  24  2:03  Sentry  
  24  2:05  Probe  
  29  2:09  Pylon  
  29  2:18  Probe  
  30  2:27  Stalker  
  32  2:33  Sentry  
  34  2:46  Nexus  
  34  2:49  Probe  
  35  3:00  Twilight Council  
  35  3:06  Probe  
  35  3:10  Shield Battery  
  36  3:17  Pylon  
  36  3:18  Probe  
  37  3:24  Blink (Chrono Boost)  
  37  3:30  Probe  
  38  3:42  Probe  
  39  3:50  Adept  
  39  3:51  Adept  
  44  3:56  Probe (Chrono Boost)  
  44  3:58  Probe (Chrono Boost)  
  46  4:10  Probe (Chrono Boost)  
  46  4:11  Stalker  
  46  4:12  Probe (Chrono Boost)  
  46  4:13  Stalker  
  46  4:15  Probe (Chrono Boost)  
  51  4:19  Probe  
  51  4:24  Shield Battery  
  52  4:25  Probe  
  52  4:31  Probe  
  54  4:37  Probe  
  54  4:38  Pylon  
  53  4:39  Stalker x2  
  53  4:43  Probe  
  58  4:49  Probe  
  59  4:53  Nexus  
  59  4:57  Probe  
  60  5:02  Stalker  
  60  5:03  Stalker  
  60  5:05  Pylon  
  64  5:07  Probe  
  64  5:09  Probe  
  64  5:14  Robotics Facility  
  66  5:19  Probe  
  66  5:21  Forge  
  67  5:28  Probe  
  68  5:33  Probe  
  69  5:37  Stalker x2  
  69  5:40  Pylon, Probe  
  70  5:45  Probe  
  70  5:47  Protoss Ground Weapons Level 1 (Chrono Boost)  
  65  5:53  Probe  
  65  5:56  Assimilator  
  62  5:58  Assimilator  
  62  6:02  Stalker x2  
  62  6:03  Immortal  
  68  6:05  Probe  
  68  6:08  Probe x2  
  71  6:11  Gateway  
  71  6:18  Gateway, Probe  
  72  6:20  Probe  
  73  6:25  Stalker  
  73  6:27  Probe  
  73  6:31  Stalker  
  73  6:32  Probe  
  79  6:34  Probe  
  79  6:35  Pylon  
  79  6:36  Gateway  
  80  6:43  Warp Prism (Chrono Boost)  
  80  6:44  Gateway  
  82  6:49  Sentry  
  82  6:52  Pylon  
  82  6:53  Probe  
  82  6:54  Probe  
  86  6:55  Sentry  
  87  7:03  Probe  
  87  7:08  Stalker, Pylon  
  90  7:09  Probe  
  90  7:10  Probe  
  90  7:13  Observer  
  93  7:17  Adept x2  
  97  7:23  Nexus  
  97  7:27  Stalker  
  96  7:34  Stalker x2  
  95  7:38  Probe  
  95  7:43  Probe  
  96  7:44  Probe  
  96  7:46  Pylon  
  97  7:52  Stalker  
  97  7:53  Stalker x3  
  97  7:57  Stalker  
  107  7:58  Stalker  
  107  8:00  Probe  
  110  8:12  Probe  
  107  8:19  Stalker x4  
  109  8:20  Probe  
  109  8:23  Stalker x2  
  102  8:37  Gateway  
Show
View Real Time Build Order
Export as new Build Order

ShoWTimE Protoss 

Build Orders: Blink Stalkers 

Get SALT Encoding   

  12  0:00  Probe  
  13  0:12  Probe  
  14  0:17  Pylon  
  14  0:24  Probe (Chrono Boost)  
  15  0:36  Probe (Chrono Boost)  
  15  0:37  Gateway  
  16  0:44  Probe (Chrono Boost)  
  16  0:46  Assimilator  
  17  0:51  Probe  
  17  0:54  Assimilator  
  18  1:03  Probe (Chrono Boost)  
  19  1:07  Gateway  
  19  1:13  Probe (Chrono Boost)  
  19  1:18  Probe (Chrono Boost)  
  20  1:24  Cybernetics Core  
  21  1:29  Probe  
  22  1:33  Pylon  
  22  1:41  Probe  
  23  1:53  Probe  
  24  1:59  Stalker  
  24  2:00  Warp Gate, Stalker  
  28  2:05  Probe  
  29  2:11  Pylon  
  29  2:29  Stalker  
  31  2:30  Stalker  
  33  2:53  Nexus  
  33  2:58  Probe  
  34  3:04  Sentry  
  36  3:11  Twilight Council  
  36  3:12  Probe  
  37  3:18  Pylon  
  37  3:24  Probe  
  38  3:36  Probe  
  39  3:41  Blink (Chrono Boost)  
  39  3:48  Probe, Adept x2  
  44  4:00  Probe  
  45  4:05  Probe  
  46  4:10  Stalker  
  46  4:11  Phoenix  
  46  4:12  Stalker  
  46  4:14  Probe  
  51  4:17  Probe  
  52  4:26  Shield Battery  
  52  4:27  Probe  
  52  4:29  Probe  
  50  4:39  Robotics Facility, Probe  
  50  4:40  Stalker  
  50  4:41  Probe  
  54  4:48  Stalker  
  54  4:51  Probe  
  57  4:53  Probe  
  58  5:03  Stalker  
  61  5:07  Pylon  
  61  5:14  Nexus  
  60  5:17  Pylon  
  60  5:20  Stalker  
  62  5:25  Assimilator, Probe x2  
  62  5:26  Observer  
  65  5:28  Phoenix  
  65  5:29  Shield Battery  
  65  5:35  Stalker  
  63  5:37  Probe x2  
  64  5:47  Stalker  
  60  5:57  Probe (Chrono Boost)  
  60  5:58  Probe (Chrono Boost)  
  60  5:59  Observer  
  60  6:01  Stalker  
  63  6:07  Shield Battery  
  63  6:09  Forge, Probe (Chrono Boost)  
  63  6:10  Probe (Chrono Boost)  
  65  6:13  Gateway  
  65  6:15  Probe (Chrono Boost)  
  65  6:16  Probe (Chrono Boost)  
  65  6:18  Gateway  
  67  6:19  Gateway  
  67  6:22  Gateway  
  67  6:24  Probe (Chrono Boost)  
  67  6:25  Probe (Chrono Boost)  
  69  6:26  Probe (Chrono Boost)  
  70  6:34  Stalker  
  70  6:36  Probe (Chrono Boost)  
  70  6:37  Probe (Chrono Boost)  
  70  6:38  Stalker, Probe (Chrono Boost)  
  77  6:41  Protoss Ground Weapons Level 1 (Chrono Boost)  
  77  6:43  Probe x3 (Chrono Boost)  
  77  6:47  Charge  
  80  6:50  Probe  
  80  6:51  Probe  
  80  6:53  Pylon  
  78  7:02  Stalker x2  
  78  7:08  Gateway  
  82  7:11  Gateway  
  82  7:13  Stalker x3  
  88  7:17  Stalker  
  88  7:22  Gateway  
  90  7:25  Immortal (Chrono Boost)  
  90  7:29  Shield Battery  
  94  7:32  Stalker x2  
  96  7:40  Stalker x2  
  96  7:43  Pylon  
  100  7:49  Pylon  
  100  7:50  Pylon  
  100  7:52  Shield Battery  
  100  7:54  Pylon  
  100  8:02  Stalker x3  
  106  8:07  Pylon  
  85  8:21  Stalker x3  
  83  8:30  Stalker  
  72  8:35  Stalker  

Tags
 
Add a new tag
Caveats
  • Supply blocks, unpowered buildings, or Contaminate may cause inaccurate times.
  • Supply counts are checked every 10 seconds.